 Dungeon Crawl Stone Soup version 0.31.0-11-ge490571c62 (webtiles) character file.

Game seed: 6301837707268907018

310 stipulation the Grave Robber (level 6, -8/28 HPs)
             Began as a Vine Stalker Necromancer on Jan 28, 2024.
             Mangled by an ogre
             ... wielding a +0 giant club
              (18 damage)
             ... on level 5 of the Dungeon.
             The game lasted 00:05:17 (4024 turns).

stipulation the Grave Robber (VSNe)                 Turns: 4024, Time: 00:05:18

Health: -8/28      AC:  3    Str: 10    XL:     6   Next: 41%
Magic:  0/12       EV: 13    Int: 17    God:
Gold:   189        SH:  0    Dex: 15    Spells: 11/12 levels left

rFire   . . .        d - +0 dagger
rCold   . . .        (no shield)
rNeg    . . .        a - +0 robe
rPois   .            (no helmet)
rElec   .            (no cloak)
rCorr   .            o - +0 pair of gloves
SInv    .            (no boots)
Will    .....        (no amulet)
Stlth   +++          (no ring)
HPRegen 1.04/turn    (no ring)
MPRegen 0.13/turn

%: guardian spirit
@: very slightly contaminated
A: fangs 2, regeneration 1, magic shield, antimagic bite, no potion heal 2
a: no special abilities


You were on level 5 of the Dungeon.
You visited 1 branch of the dungeon, and saw 5 of its levels.

You collected 189 gold pieces.

Inventory:

Hand Weapons
 d - a +0 dagger (weapon)
 h - a +0 dagger
Armour
 a - a +0 robe (worn)
 o - a +0 pair of gloves (worn)
Jewellery
 p - an amulet of magic regeneration
Scrolls
 e - a scroll of fear
 f - 2 scrolls of fog {unknown}
 g - a scroll of revelation {unknown}
 i - a scroll of torment {unknown}
 k - a scroll of poison
 l - 2 scrolls of amnesia
 n - 2 scrolls of teleportation {unknown}
Potions
 b - a potion of magic
 c - a potion of lignification {unknown}
 j - 4 potions of heal wounds {unknown}
 m - a potion of might {unknown}
 q - a potion of mutation {unknown}
 r - a potion of enlightenment {unknown}


   Skills:
 + Level 3.0 Dodging
 + Level 4.7 Stealth
 + Level 3.7 Spellcasting
 + Level 5.1 Necromancy


You had 11 spell levels left.
You knew the following spells:

 Your Spells              Type           Power      Damage    Failure   Level
a - Necrotise             Necr           80%        1d8       1%          1

Your spell library contained the following spells:

 Spells                   Type           Power      Damage    Failure   Level
 Vampiric Draining        Necr           20%        2d7       6%          3
 Magic Dart               Conj           12%        1d3       16%         1
 Animate Dead             Necr           20%        N/A       21%         4
 Blink                    Tloc           6%         N/A       24%         2
 Call Imp                 Summ           6%         N/A       24%         2
 Curse of Agony           Necr           20%        N/A       50%         5


Dungeon Overview and Level Annotations

Branches:
Dungeon (5/15)
 Temple: D:4-7

Altars:
Cheibriados
Dithmenos
Okawaru
Qazlal

Annotations:
D:4 Edmund


Innate Abilities, Weirdness & Mutations

You have extremely sharp teeth.
Your natural rate of healing is unusually fast.
When hurt, damage is shared between your health and your magic reserves.
Your bite disrupts and absorbs the magic of your enemies.
Potions cannot restore your health.


Message History

Your hound skeleton barely misses the ufetubus.
The ufetubus barely misses you. The ufetubus closely misses you.
Casting: Necrotise (safe; 1% risk of failure)
Confirm with . or Enter, or press ? or * to list all spells.
You can't see any susceptible monsters within range! (Use Z to cast anyway.) Unknown command.
You barely miss the ufetubus.
The ufetubus is heavily wounded.
Your hound skeleton bites the ufetubus.
The ufetubus dies!
You start resting.
An ogre is nearby!
The ogre writhes in agony.
The ogre writhes in agony.
The ogre writhes in agony!
The ogre hits you with a +0 giant club!!
Ouch! That really hurt!
* * * LOW HITPOINT WARNING * * *
You are too injured to fight recklessly!
You are too injured to fight recklessly!
You hit the ogre but do no damage. Your bite misses the ogre.
The ogre is severely wounded.
The ogre misses you.
Casting: Necrotise (safe; 1% risk of failure)
Confirm with . or Enter, or press ? or * to list all spells.
Aiming: Necrotise (safe; 1% risk of failure)
Press: ? - help, Shift-Dir - straight line, f/p - ogre
Aim: an ogre, wielding a +0 giant club (severely wounded, chance to affect: 78%)
You miscast Necrotise.
You are very lightly contaminated with residual magic.
Nothing appears to happen.
Casting: Necrotise (safe; 1% risk of failure)
Confirm with . or Enter, or press ? or * to list all spells.
Aiming: Necrotise (safe; 1% risk of failure)
Press: ? - help, Shift-Dir - straight line, f/p - ogre
Aim: an ogre, wielding a +0 giant club (severely wounded, chance to affect: 78%)
The ogre barely resists.
The ogre hits you with a +0 giant club!!
Ouch! That really hurt!
You die...

... #........#
...##........#
.......<.....#
.............#
.............#
.........O...#
.........#...#######
..>.....####........
........@O..........
....#.###.###.......
.#.... #.# .......
..#. #.# ....... #
.. #.# ....... .?
..# ....... ... ..#
....... ...


You could see an ogre.

Vanquished Creatures
  A bombardier beetle (D:4)
  An orc priest (D:4)
  A hound (D:5)
  2 iguanas (D:3)
  8 adders
  An ufetubus (D:5)
  A dart slug (D:2)
  2 ribbon worms (D:2)
  8 orcs
  3 bats (D:1)
  5 endoplasms
  A giant cockroach (D:1)
  3 goblins (D:1)
  4 hobgoblins
  3 kobolds
  6 quokkas
  15 ball pythons
  4 frilled lizards
  11 rats
80 creatures vanquished.

Vanquished Creatures (collateral kills)
  An ufetubus (D:5)
  A ball python (D:1)
  An endoplasm (D:1)
  A rat (D:1)
4 creatures vanquished.

Grand Total: 84 creatures vanquished

Notes
Turn   | Place    | Note
-------+----------+-------------------------------------------
     0 | D:1      | stipulation the Vine Stalker Necromancer began the quest
                  | for the Orb.
     0 | D:1      | Reached XP level 1. HP: 9/9 MP: 4/4
   170 | D:1      | Found a faded altar of an unknown god.
   183 | D:1      | Reached XP level 2. HP: 13/13 MP: 4/6
   594 | D:1      | Reached XP level 3. HP: 16/16 MP: 5/7
  1715 | D:2      | Reached XP level 4. HP: 21/21 MP: 5/9
  2651 | D:3      | Found a stormy altar of Qazlal.
  2670 | D:3      | Reached XP level 5. HP: 13/24 MP: 5/10
  2797 | D:3      | Identified the +8 sling of the Charming Oracle {elec, rPois
                  | MP+9}
  2807 | D:3      | Found a shadowy altar of Dithmenos.
  2920 | D:3      | Found an iron altar of Okawaru.
  3236 | D:3      | Found a snail-covered altar of Cheibriados.
  3391 | D:4      | Noticed Edmund
  3518 | D:4      | Reached XP level 6. HP: 17/28 MP: 2/12
  3633 | D:4      | Reached skill level 5 in Necromancy
  3924 | D:5      | Entered Level 5 of the Dungeon
  4024 | D:5      | Mangled by an ogre

Illustrated notes

Levels and vault maps discovered:
D:1:      dpeg_arrival_ratfight, layout_basic,
          hellmonk_ecumenical_altar_zigzags, minmay_3d_cube
D:2:      layout_loops_corners, minmay_hexomino_u4
D:3:      layout_loops_ring, grunt_dithmenos_smoke, okawaru_metal_pillars_1_2,
          overflow_temple_1_default, mainiacjoe_overflow_alcove_1,
          minmay_snake_closets
D:4:      layout_cave_pools, marbit_many_paths,
          gammafunk_temple_overflow_elements, minmay_joined_circles, uniq_edmund
D:5:      layout_rooms, nemelex_spade_bored_becter,
          minmay_temple_entry_sparse_star, item_on_display_a, uniq_grinder

Skill      XL: |  1  2  3  4  5  6 |
---------------+-------------------+-----
Stealth        | 3 4 |  4.7
Dodging        | 2 3 |  3.0
Spellcasting   | 3 |  3.7
Necromancy     | 5 |  5.1

Action                     |  1- 3 |  4- 6 || total
---------------------------+-------+-------++-------
  Melee: Unarmed           |     3 |       ||     3
         Dagger            |    15 |    35 ||    50
         Bite              |     5 |    11 ||    16
         Punch             |       |     3 ||     3
   Cast: Necrotise         |    72 |    91 ||   163
    Use: Scroll            |       |     4 ||     4
   Stab: Sleeping          |       |     1 ||     1
 Armour: Robe              |    18 |    80 ||    98
  Dodge: Dodged            |    15 |    63 ||    78
